 Dungeon Crawl Stone Soup version 0.30.1-6-gbe392663c4 (webtiles) character file.

Game seed: 2786165069940567142

108 safid the Chiller (level 4, -1/34 HPs)
             Began as a Merfolk Ice Elementalist on Sept 20, 2023.
             Slain by an orc warrior
             ... wielding a +0 scimitar
              (7 damage)
             ... on level 4 of the Dungeon.
             The game lasted 00:02:35 (2753 turns).

safid the Chiller (Merfolk Ice Elementalist)        Turns: 2753, Time: 00:02:36

Health: -1/34      AC:  8    Str:  8    XL:     4   Next: 87%
Magic:  0/8        EV: 12    Int: 16    God:
Gold:   223        SH:  0    Dex: 14    Spells: 2/9 levels left

rFire   . . .        f - +0 short sword (vamp)
rCold   . . .        (no shield)
rNeg    . . .        a - +0 robe
rPois   .            (no helmet)
rElec   .            (no cloak)
rCorr   .            (no gloves)
SInv    .            (no boots)
Will    .....        (no amulet)
Stlth   ++           i - ring of wizardry
HPRegen 0.25/turn    (no ring)
MPRegen 0.11/turn

%: wizardry (x1)
@: ice-armoured, freezing walls, hasted, very quick
A: (nimble swimmer 2), mertail
a: no special abilities


You were on level 4 of the Dungeon.
You visited 1 branch of the dungeon, and saw 4 of its levels.

You collected 223 gold pieces.

Inventory:

Hand Weapons
 f - a +0 vampiric short sword (weapon)
Armour
 a - a +0 robe (worn)
Jewellery
 i - a ring of wizardry (left hand)
Wands
 s - a wand of paralysis (11)
Scrolls
 c - 7 scrolls of identify {unknown}
 j - 2 scrolls of amnesia {unknown}
 l - a scroll of blinking {unknown}
 m - a scroll of enchant weapon {unknown}
 p - a scroll of acquirement {unknown}
 q - a scroll of immolation {unknown}
 r - a scroll of teleportation {unknown}
Potions
 b - a potion of magic
 d - a potion of cancellation {unknown}
 e - a potion of lignification {unknown}
 g - a potion of invisibility {unknown}
 h - a potion of mutation {unknown}
 k - 2 potions of haste
 n - a potion of flight {unknown}
 o - a potion of heal wounds {unknown}


   Skills:
 + Level 2.6 Fighting
 - Level 2.6 Dodging
 - Level 2.1 Stealth
 + Level 3.0 Spellcasting
 + Level 5.2 Ice Magic


You had 2 spell levels left.
You knew the following spells:

 Your Spells              Type           Power      Damage    Failure   Level
a - Freeze                Ice            76%        1d8       1%          1
b - Frozen Ramparts       Ice            38%        1d6       2%          3
c - Ozocubu's Armour      Ice            19%        N/A       2%          3

Your spell library contained the following spells:

 Spells                   Type           Power      Damage    Failure   Level
 Hailstorm                Conj/Ice       10%        3d5       8%          3
 Summon Ice Beast         Ice/Summ       10%        N/A       26%         4


Dungeon Overview and Level Annotations

Branches:
Dungeon (4/15)
 Temple: D:4-7

Altars:

Shops:
D:1 *

Annotations:
D:2 1 runed translucent door, Crazy Yiuf


Innate Abilities, Weirdness & Mutations

((You are very nimble when in or above water. (Stealth+, EV+, Speed+++)))
Your lower body shifts to a powerful aquatic tail in water.


Message History

You barely miss the orc warrior.
The orc warrior is moderately wounded.
The wall freezes the orc warrior but does no damage.
The orc warrior hits you with a +0 scimitar.
Unknown command.
You closely miss the orc warrior.
The orc warrior is moderately wounded.
The wall freezes the orc warrior but does no damage.
The orc warrior hits you with a +0 scimitar.
Unknown command.
You closely miss the orc warrior.
The orc warrior is moderately wounded.
The frozen ramparts melt away.
The orc warrior hits you with a +0 scimitar!
* * * LOW HITPOINT WARNING * * *
Unknown command.
Casting: Ozocubu's Armour (dangerous; 2% risk of failure)
Confirm with . or Enter, or press ? or * to list all spells.
Casting: Frozen Ramparts (dangerous; 2% risk of failure)
Press: ? - help, Dir - look around, f - activate A stone staircase leading up, spattered with blood.
The walls around you are covered in ice.
The iguana hisses angrily.
The wall freezes the orc warrior.
The orc warrior barely misses you.
Unknown command.
You hit the orc warrior but do no damage.
The orc warrior is heavily wounded.
The wall freezes the orc warrior but does no damage.
The orc warrior hits you with a +0 scimitar.
* * * LOW HITPOINT WARNING * * *
Unknown command.
You barely miss the orc warrior.
The orc warrior is heavily wounded.
The wall freezes the orc warrior but does no damage.
The orc warrior misses you.
The wall freezes the iguana.
Unknown command.
It was a potion of haste.
You feel yourself speed up.
The wall freezes the orc warrior but does no damage.
The orc warrior hits you with a +0 scimitar!
You die...

#. #.# #..##
##.... .....
## . ... ..
#...##o##.####
......>@ol...#
......######.#
..... .... ...
##


You could see an orc warrior, an iguana and an orc wizard.

Vanquished Creatures
  An orc wizard (D:4)
  2 adders
  2 worms (D:3)
  3 dart slugs
  An orc (D:4)
  4 ball pythons
  9 bats
  3 endoplasms (D:2)
  A giant cockroach (D:3)
  4 goblins
  2 hobgoblins
  3 jackals (D:2)
  A quokka (D:1)
  6 frilled lizards
  7 kobolds
  4 rats
53 creatures vanquished.

Notes
Turn   | Place    | Note
-------+----------+-------------------------------------------
     0 | D:1      | safid the Merfolk Ice Elementalist began the quest for the
                  | Orb.
     0 | D:1      | Reached XP level 1. HP: 13/13 MP: 3/3
   217 | D:1      | Reached XP level 2. HP: 20/20 MP: 5/5
   235 | D:1      | Found Wetrir's Assorted Antiques.
   504 | D:1      | Reached skill level 1 in Fighting
  1066 | D:2      | Reached XP level 3. HP: 26/26 MP: 6/6
  1084 | D:2      | Learned a level 3 spell: Frozen Ramparts
  1126 | D:2      | Found a runed translucent door.
  1127 | D:2      | Noticed Crazy Yiuf
  1281 | D:2      | Learned a level 3 spell: Ozocubu's Armour
  1433 | D:2      | Found a faded altar of an unknown god.
  1808 | D:2      | Reached XP level 4. HP: 33/33 MP: 8/8
  1846 | D:2      | Reached skill level 5 in Ice Magic
  2738 | D:4      | Noticed an orc warrior
  2753 | D:4      | Slain by an orc warrior

Illustrated notes

Levels and vault maps discovered:
D:1:      dpeg_chamrin_arrival_tetris, layout_basic, serial_shops,
          nicolae_shop_stone, hangedman_abyss_or_decor_lesser_grid, st_stairs_11
D:2:      layout_basic, hellmonk_ecumenical_altar_defaced_shrine,
          minmay_gold_behind_fungi, uniq_crazy_yiuf_cottage
D:3:      layout_basic, kennysheep_another_room
D:4:      layout_basic, guppyfry_early_orc_mine

Skill      XL: |  1  2  3  4 |
---------------+-------------+-----
Fighting       | 1 2 |  2.6
Ice Magic      | 5 |  5.2
Spellcasting   | 3 |  3.0
Dodging        | |  2.6
Stealth        | |  2.1

Action                     |  1- 3 |  4- 6 || total
---------------------------+-------+-------++-------
  Melee: Club              |    16 |       ||    16
         Short sword       |   108 |    66 ||   174
         Punch             |     1 |     2 ||     3
   Cast: Freeze            |    22 |     2 ||    24
         Frozen Ramparts   |       |     3 ||     3
         Ozocubu's Armour  |       |     1 ||     1
    Use: Potion            |       |     1 ||     1
   Stab: Sleeping          |     6 |       ||     6
 Armour: Robe              |    34 |    18 ||    52
  Dodge: Dodged            |    88 |    50 ||   138
